 Dungeon Crawl Stone Soup version 0.29.1-15-g9cfb28693d (webtiles) character file.

Game seed: 1523257614808232759

54 Eitelfritz the Grasshopper (level 3, -3/32 HPs)
             Began as a Naga Warper on Apr 28, 2023.
             Slain by an adder (4 damage)
             ... on level 2 of the Dungeon.
             The game lasted 00:05:18 (2279 turns).

Eitelfritz the Grasshopper (Naga Warper)            Turns: 2279, Time: 00:05:18

Health: -3/32      AC:  2    Str: 13    XL:     3   Next: 91%
Magic:  6/6        EV:  9    Int: 15    God:
Gold:   50         SH:  0    Dex: 10    Spells: 1/6 levels left

rFire   . . .      SeeInvis +   a - +0 spear
rCold   . . .      Faith    .   (no shield)
rNeg    . . .      Spirit   .   b - +0 leather armour
rPois   +          Reflect  .   (no helmet)
rElec   .          Harm     .   (no cloak)
rCorr   .          Rampage  .   (no gloves)
Will    .....                   (no barding)
Stlth   +.........              (no amulet)
HPRegen 0.10/turn               (no ring)
MPRegen 0.10/turn               (no ring)

@: very slow
A: AC +1, large, see invisible, deformed body, poison resistance, slowness 2,
spit poison 1, naga tail 1
a: Spit Poison


You were on level 2 of the Dungeon.
You visited 1 branch of the dungeon, and saw 2 of its levels.

You collected 50 gold pieces.

Inventory:

Hand Weapons
 a - a +0 spear (weapon)
 g - a +1 dagger of electrocution
Missiles
 d - 7 boomerangs of dispersal (quivered)
 j - 6 boomerangs
Armour
 b - a +0 leather armour (worn)
Scrolls
 c - a scroll of blinking
 e - 3 scrolls of teleportation {unknown}
 h - a scroll of identify {unknown}
 k - a scroll of enchant armour {unknown}
 m - a scroll of noise {unknown}
Potions
 f - a potion of lignification {unknown}
 i - a potion of heal wounds {unknown}
 l - a potion of attraction {unknown}
 n - a potion of haste {unknown}
 o - a potion of curing {unknown}


   Skills:
 + Level 2.0 Fighting
 + Level 2.7 Polearms
 + Level 0.8 Throwing
 + Level 1.5 Armour
 + Level 2.0 Dodging
 + Level 0.3 Stealth
 + Level 2.1 Spellcasting
 + Level 3.2 Translocations


You had one spell level left.
You knew the following spells:

 Your Spells              Type           Power      Damage    Failure   Level
a - Blink                 Tloc           22%        N/A       11%         2
b - Lesser Beckoning      Tloc           11%        N/A       22%         3

Your spell library contained the following spells:

 Spells                   Type           Power      Damage    Failure   Level
 Gell's Gravitas          Tloc           11%        N/A       22%         3
 Teleport Other           Tloc           11%        N/A       22%         3
 Manifold Assault         Tloc           11%        N/A       90%         5


Dungeon Overview and Level Annotations

Branches:
Dungeon (2/15)

Altars:


Innate Abilities, Weirdness & Mutations

Your serpentine skin is tough. (AC +1)
You have supernaturally acute eyesight. (SInv)
Armour fits poorly on your strangely shaped body.
Your system is resistant to poisons. (rPois)
You cover ground very slowly.
You can spit poison.
You have a snake-like lower body.


Message History

You closely miss the jackal.
The jackal is almost dead.
The jackal barely misses you.
You hit the jackal.
You kill the jackal!
The bat closely misses you.
You hit the bat.
You kill the bat!
The adder barely misses you. The adder bites you.
You hit the adder but do no damage. The adder misses you.
Unknown command.
You closely miss the adder. The adder bites you.
You are poisoned.
The adder poisons you!
You barely miss the adder.
You feel sick. The adder closely misses you.
You hit the adder.
The adder is lightly wounded.
You feel sick. The adder barely misses you.
You hit the adder.
The adder is lightly wounded.
You feel sick. The adder bites you but does no damage. The adder bites you.
* * * LOW HITPOINT WARNING * * *
You hit the adder.
The adder is severely wounded.
You feel sick. The adder bites you.
* * * LOW HITPOINT WARNING * * *
You barely miss the adder.
The adder is severely wounded.
You feel sick. The adder barely misses you.
You miss the adder.
The adder is severely wounded.
You feel sick.
You are no longer poisoned.
The adder barely misses you. The adder bites you.
* * * LOW HITPOINT WARNING * * *
Aiming: Spit Poison (2% risk of failure)
Press: ? - help, Shift-Dir - straight line, f - adder
Aim: an adder (severely wounded, 37% to hit)
You fail to use your ability.
The adder bites you.
You die...

........... ............
...........
....#.....#####
#.##...#......#
#.##...#†.....#
#.##...#......#
###.##...#..<...#
#..@##...#......#.
#...##S...............
##. #.....#......#... ..
....!.....)........ ..
................#...
...........##...........
. .......?..............
........##..........
.#S....###..........


You could see an adder.

Vanquished Creatures
  3 dart slugs
  6 bats
  4 endoplasms (D:1)
  2 giant cockroaches (D:1)
  6 goblins (D:1)
  3 hobgoblins (D:1)
  7 jackals
  3 kobolds (D:1)
  A quokka (D:1)
  A ball python (D:1)
  3 frilled lizards
  3 rats (D:1)
42 creatures vanquished.

Vanquished Creatures (others)
  A plant (D:1)
  A withered plant (D:1)
2 creatures vanquished.

Grand Total: 44 creatures vanquished

Notes
Turn   | Place    | Note
-------+----------+-------------------------------------------
     0 | D:1      | Eitelfritz the Naga Warper began the quest for the Orb.
     0 | D:1      | Reached XP level 1. HP: 19/19 MP: 3/3
   217 | D:1      | Reached skill level 1 in Armour
   220 | D:1      | Reached XP level 2. HP: 13/26 MP: 5/5
   828 | D:1      | Found a faded altar of an unknown god.
   886 | D:1      | Learned a level 2 spell: Blink
   935 | D:1      | Reached XP level 3. HP: 14/32 MP: 6/6
  1676 | D:1      | Learned a level 3 spell: Lesser Beckoning
  2278 | D:2      | HP: 1/32 [adder (2)]
  2279 | D:2      | Slain by an adder

Illustrated notes

Levels and vault maps discovered:
D:1:      psy_arrival_basics, layout_loops_ring,
          shapermc_ecumenical_altar_flowoftime
D:2:      layout_rooms

Skill      XL: |  1  2 |
---------------+-------+-----
Armour         | 1 |  1.5
Dodging        | 2 |  2.0
Fighting       | |  2.0
Polearms       | |  2.7
Throwing       | |  0.8
Stealth        | |  0.3
Spellcasting   | |  2.1
Translocations | |  3.2

Action                   || total
-------------------------++-------
Melee: Spear             ||   169
       Punch             ||     1
 Cast: Blink             ||     6
 Abil: Spit Poison       ||     7
Armor: Leather armour    ||    34
Dodge: Dodged            ||    63
